AoeStats
← ÐòóM

Arena

506510010Analyzed
4v4 RM · 19d ago on Sep 13, 2026· 112m 38s· 8 players
Game mode
Random Map
Map size
Large (8 player)
Population
200
Speed
Normal
Resources
Standard
Victory
Conquest
Starting age
Dark Age
Ending age
Imperial Age
RankedLock teamsTeams togetherTeam positionsShared explorationLock speedFull tech treeHidden civsTurbo modeCheats
Victory
Defeat
530
+17
🇬🇧 Turks · United Kingdom
523
+17
🇪🇸 Mongols · Spain
508
+18
🇮🇹 Burmese · Italy
472
+19
608
-19
🇨🇦 Spanish · Canada
578
-19
🇦🇷 Hindustanis · Argentina
576
-19
🇹🇷 Koreans · Türkiye
449
-14
ÐòóM
8:01 Loom
13:28 Feudal Age
14:32 Double-Bit Axe
14:32 Horse Collar
16:50 Wheelbarrow
17:18 Gold Mining
22:31 Castle Age
22:39 Stone Mining
22:53 Padded Archer Armor
22:43 Fletching
24:35 Caravan
25:18 Scale Barding Armor
26:56 Ballistics
26:34 Murder Holes
26:51 Fervor
26:43 Bodkin Arrow
27:04 Leather Archer Armor
36:18 Imperial Age
34:07 Bow Saw
33:59 Heavy Plow
34:15 Masonry
34:27 Chain Barding Armor
35:21 Gold Shaft Mining
35:25 Stone Shaft Mining
37:25 Hand Cart
37:26 Siege Engineers
37:18 Elite Mangudai
40:29 Bracer
41:37 Chemistry
40:43 Town Watch
41:46 Elite Steppe Lancer
44:15 Husbandry
44:30 Bloodlines
45:41 Cavalier
54:53 Hoardings
110:44 Spies/Treason
Sweet potato of mine
15:35 Feudal Age
21:11 Castle Age
20:59 Double-Bit Axe
21:23 Horse Collar
24:44 Fortified Wall
31:36 Imperial Age
36:05 Elite Janissary
45:57 Bow Saw
45:52 Heavy Plow
51:18 Bombard Tower
57:25 Artillery
58:08 Caravan
81:55 Two-Man Saw
cbarattic
9:11 Loom
13:42 Feudal Age
14:05 Man-at-Arms
14:31 Arson
15:23 Wheelbarrow
14:49 Gold Mining
14:50 Stone Mining
16:55 Horse Collar
22:36 Castle Age
23:22 Forging
23:03 Fletching
25:16 Gold Shaft Mining
28:28 Hand Cart
28:12 Long Swordsman
28:38 Gambesons
28:54 Squires
31:22 Ballistics
31:12 Husbandry
42:00 Imperial Age
43:05 Crossbowman
50:09 Chemistry
49:00 Guard Tower
48:54 Treadmill Crane
54:58 Cavalier
56:55 Two-Handed Swordsman
60:52 Champion
toworsfire︻芫=-------
0:36 Loom
13:44 Feudal Age
14:30 Horse Collar
14:38 Double-Bit Axe
15:59 Wheelbarrow
15:11 Town Watch
20:10 Gold Mining
20:11 Stone Mining
25:32 Castle Age
25:07 Scale Barding Armor
26:50 Stone Shaft Mining
26:51 Gold Shaft Mining
27:11 Bow Saw
27:53 Heavy Plow
30:57 Hand Cart
30:44 Town Patrol
31:30 Caravan
31:18 Pikeman
33:34 Coinage
39:11 Imperial Age
37:15 Treadmill Crane
37:41 Eupseong
37:34 Arson
39:22 Chain Barding Armor
40:41 Banking
40:20 Scale Mail Armor
40:32 Forging
41:47 Two-Man Saw
41:13 Fletching
42:00 Conscription
42:32 Guilds
43:29 Husbandry
42:50 Light Cavalry
42:56 Elite Skirmisher
44:15 Hussar
44:16 Cavalier
45:18 Crossbowman
46:53 Thumb Ring
47:44 Arrowslits
49:25 Iron Casting
49:42 Capped Ram
50:14 Halberdier
52:06 Shinkichon
52:09 Elite War Wagon
52:17 Elite Fire Lancer
54:39 Bodkin Arrow
55:00 Chain Mail Armor
55:08 Masonry
54:54 Murder Holes
55:10 Fortified Wall
55:21 Ballistics
55:07 Siphons
54:55 Crossbowman
58:45 Arbalester
58:46 Heavy Cavalry Archer
59:32 Thumb Ring
62:10 Thumb Ring
61:26 Heavy Cavalry Archer
62:43 Siege Engineers
65:17 Bracer
65:48 Plate Mail Armor
65:55 Architecture
65:36 Incendiaries
66:27 Chemistry
65:24 Heavy Rocket Cart
94:23 Gambesons
94:38 Squires
93:59 Man-at-Arms
104:20 Heated Shot
104:51 Shipwright
104:42 Clinker Construction
104:43 Careening
111:50 Carvel Hull
Sorrentino79712
11:11 Feudal Age
11:58 Double-Bit Axe
11:57 Horse Collar
12:11 Gold Mining
18:56 Castle Age
17:27 Stone Mining
20:38 Squires
21:58 Wheelbarrow
22:57 Town Watch
23:00 Loom
23:54 Bow Saw
23:49 Pikeman
25:40 Hand Cart
27:37 Town Patrol
27:54 Heavy Plow
30:00 Fletching
33:42 Masonry
33:30 Murder Holes
34:00 Ballistics
33:39 Bodkin Arrow
38:11 Imperial Age
38:11 Caravan
40:02 Chemistry
39:34 Architecture
39:22 Bloodlines
40:19 Conscription
42:12 Bracer
42:26 Fortified Wall
42:20 Husbandry
44:09 Hoardings
43:57 Supremacy
46:02 Cavalier
48:21 Elite Conquistador
49:41 Fervor
51:12 Two-Man Saw
51:08 Stone Shaft Mining
51:51 Halberdier
52:21 Gambesons
52:52 Scale Mail Armor
53:03 Forging
53:01 Scale Barding Armor
54:41 Paladin
55:45 Chain Barding Armor
56:01 Iron Casting
55:42 Chain Mail Armor
55:29 Padded Archer Armor
55:37 Sappers
56:08 Light Cavalry
57:59 Hussar
62:11 Blast Furnace
61:47 Plate Barding Armor
65:39 Arson
69:21 Plate Mail Armor
69:07 Leather Archer Armor
69:12 Elite Skirmisher
69:58 Thumb Ring
70:53 Coinage
70:34 Guilds
75:00 Ring Archer Armor
76:46 Man-at-Arms
81:50 Inquisition
81:32 Long Swordsman
82:42 Two-Handed Swordsman
Ulukanl43
17:10 Feudal Age
17:33 Horse Collar
30:26 Castle Age
30:54 Crossbowman
31:40 Thumb Ring
31:05 Elite Skirmisher
31:09 Pikeman
35:15 Light Cavalry
35:55 Husbandry
42:49 Imperial Age
48:08 Elite War Wagon
48:48 Eupseong
50:50 Heavy Cavalry Archer
52:39 Chemistry
52:00 Ballistics
51:27 Elite Fire Lancer
82:01 Squires
EL_LEON_DE_LA_TRIBU_DE_JUDA
11:02 Feudal Age
12:20 Wheelbarrow
11:35 Double-Bit Axe
20:31 Castle Age
21:39 Hand Cart
21:39 Bow Saw
24:59 Stone Mining
30:16 Gold Mining
33:46 Imperial Age
32:21 Gold Shaft Mining
32:11 Forging
32:08 Scale Barding Armor
32:39 Husbandry
33:52 Fortified Wall
34:36 Iron Casting
34:57 Chain Barding Armor
34:34 Town Watch
35:16 Chivalry
35:13 Fletching
36:21 Conscription
38:17 Plate Barding Armor
38:49 Ballistics
39:34 Blast Furnace
39:32 Conscription
39:34 Cavalier
40:42 Bodkin Arrow
40:48 Padded Archer Armor
40:54 Scale Mail Armor
40:51 Paladin
44:49 Hoardings
45:27 Herbal Medicine
45:52 Leather Archer Armor
46:38 Chain Mail Armor
52:52 Elite Skirmisher
56:44 Plate Mail Armor
78:49 Caravan
79:07 Light Cavalry
86:53 Pikeman
87:57 Squires
87:46 Arson
toro_pampa
3:17 Loom
11:02 Feudal Age
12:15 Double-Bit Axe
13:11 Wheelbarrow
12:21 Horse Collar
22:21 Castle Age
23:36 Scale Barding Armor
23:53 Bow Saw
23:47 Heavy Plow
25:00 Husbandry
26:08 Forging
28:03 Fortified Wall
30:33 Gold Mining
33:21 Murder Holes
34:48 Ballistics
34:23 Fletching
34:02 Light Cavalry
34:53 Bloodlines
34:14 Elite Skirmisher
34:59 Squires
37:15 Grand Trunk Road
39:06 Stone Mining
39:56 Gold Shaft Mining
42:13 Chain Barding Armor
42:14 Masonry
41:53 Pikeman
42:19 Arson
46:26 Imperial Age
47:59 Hussar
50:17 Bodkin Arrow
50:59 Iron Casting
53:04 Heavy Camel Rider
53:16 Heavy Camel Rider
55:36 Blast Furnace
55:12 Plate Barding Armor
54:38 Scale Mail Armor
54:39 Bracer
54:40 Padded Archer Armor
55:52 Chemistry
54:47 Siege Elephant
56:03 Imperial Camel Rider
56:04 Hussar
68:16 Conscription
68:03 Shatagni
76:35 Caravan
112:05 Man-at-Arms
Connection lost

Rejoining the realm…

Still unreachable

The connection could not be restored.

Session expired

The server has moved on; the page needs a fresh start.